Map: Ascension to Aiur LE

Players

Nice

  • Race: Protoss Protoss
  • Spawn Location: 5:00

Jig - Winner!

  • Race: Zerg Zerg
  • Spawn Location: 11:00

Event: WCS Montreal 2017

VOD

Have the link to the VOD?

Description

Time

  • Played on: Sept. 8, 2017, 11:21 a.m.
  • Length: 18:50

All games in this series

Show
View Real Time Build Order
Export as new Build Order

Nice Protoss 

Build Orders: 1 Gate Expand, Oracle Opening 

Get SALT Encoding   

  12  0:05  Probe (Chrono Boost)  
  13  0:15  Probe (Chrono Boost)  
  14  0:21  Pylon  
  14  0:26  Probe (Chrono Boost)  
  15  0:39  Probe (Chrono Boost)  
  16  0:42  Gateway  
  16  0:47  Assimilator  
  16  0:50  Probe (Chrono Boost)  
  17  1:00  Probe (Chrono Boost)  
  18  1:11  Probe (Chrono Boost)  
  19  1:21  Probe (Chrono Boost)  
  20  1:26  Nexus  
  20  1:34  Cybernetics Core  
  20  1:38  Probe (Chrono Boost)  
  21  1:44  Assimilator  
  21  1:49  Probe (Chrono Boost)  
  22  1:58  Pylon  
  22  1:59  Probe (Chrono Boost)  
  23  2:16  Probe (Chrono Boost), Zealot (Chrono Boost)  
  23  2:20  Stargate  
  26  2:27  Probe (Chrono Boost), Warp Gate  
  27  2:39  Probe (Chrono Boost)  
  27  2:44  Probe (Chrono Boost)  
  29  2:50  Probe (Chrono Boost)  
  30  2:54  Probe (Chrono Boost), Pylon  
  30  2:56  Assimilator  
  31  3:00  Probe (Chrono Boost)  
  31  3:03  Void Ray (Chrono Boost)  
  36  3:06  Probe  
  36  3:09  Probe  
  38  3:18  Probe  
  39  3:20  Probe  
  39  3:23  Stargate  
  39  3:24  Assimilator  
  40  3:31  Probe (Chrono Boost)  
  40  3:32  Probe (Chrono Boost)  
  42  3:37  Oracle (Chrono Boost)  
  42  3:42  Probe (Chrono Boost)  
  42  3:45  Probe (Chrono Boost)  
  47  3:53  Probe (Chrono Boost)  
  46  3:57  Probe (Chrono Boost)  
  44  4:03  Probe (Chrono Boost)  
  44  4:06  Oracle (Chrono Boost)  
  44  4:08  Probe (Chrono Boost)  
  49  4:14  Probe  
  50  4:20  Probe  
  50  4:23  Oracle (Chrono Boost), Pylon  
  54  4:41  Probe x2, Oracle (Chrono Boost)  
  59  4:51  Nexus  
  59  4:53  Probe  
  59  4:55  Pylon  
  59  4:57  Pylon  
  59  4:58  Probe  
  61  5:06  Probe  
  62  5:13  Pylon  
  65  5:14  Oracle (Chrono Boost)  
  65  5:16  Oracle (Chrono Boost)  
  65  5:19  Mothership Core  
  65  5:20  Probe  
  71  5:27  Pylon  
  71  5:28  Pylon  
  71  5:32  Probe  
  72  5:40  Stargate  
  72  5:41  Probe  
  73  5:45  Oracle (Chrono Boost)  
  75  5:53  Oracle (Chrono Boost)  
  78  5:58  Probe x2  
  78  6:00  Assimilator  
  78  6:04  Assimilator  
  80  6:07  Pylon  
  80  6:08  Pylon  
  81  6:13  Probe, Forge  
  81  6:16  Oracle (Chrono Boost)  
  81  6:17  Probe x2, Adept  
  87  6:25  Probe  
  80  6:35  Probe  
  80  6:37  Oracle (Chrono Boost)  
  80  6:39  Probe  
  82  6:41  Probe  
  82  6:42  Oracle (Chrono Boost)  
  84  6:50  Probe x2, Oracle (Chrono Boost)  
  84  6:53  Probe  
  87  7:00  Probe  
  87  7:02  Probe  
  87  7:05  Probe  
  90  7:09  Photon Cannon  
  90  7:11  Probe, Oracle (Chrono Boost)  
  90  7:14  Probe, Oracle (Chrono Boost)  
  98  7:17  Probe  
  98  7:20  Photon Cannon  
  98  7:21  Probe  
  98  7:22  Pylon  
  102  7:26  Probe  
  102  7:27  Oracle (Chrono Boost)  
  104  7:31  Probe  
  104  7:32  Probe  
  103  7:38  Probe  
  103  7:42  Probe, Phoenix (Chrono Boost)  
  103  7:43  Probe  
  107  7:46  Phoenix (Chrono Boost)  
  107  7:50  Stargate  
  110  7:52  Photon Cannon  
  110  7:53  Photon Cannon  
  110  7:54  Pylon  
  110  7:55  Probe x2  
  110  7:56  Probe  
  113  8:05  Phoenix (Chrono Boost)  
  115  8:06  Phoenix (Chrono Boost)  
  115  8:07  Probe  
  115  8:12  Probe, Phoenix (Chrono Boost)  
  120  8:13  Probe  
  122  8:24  Nexus  
  122  8:26  Pylon  
  122  8:32  Phoenix (Chrono Boost)  
  126  8:35  Phoenix (Chrono Boost)  
  126  8:47  Zealot  
  137  9:04  Photon Cannon  
  137  9:05  Nexus  
  137  9:06  Photon Cannon  
  137  9:07  Protoss Air Weapons Level 1  
  137  9:08  Pylon  
  137  9:13  Photon Cannon  
  134  9:18  Void Ray x2 (Chrono Boost)  
  134  9:20  Void Ray (Chrono Boost)  
  134  9:23  Void Ray (Chrono Boost)  
  132  9:32  Stargate  
  132  9:34  Probe x3  
  132  9:37  Photon Cannon  
  135  9:40  Photon Cannon  
  135  9:42  Assimilator, Protoss Shields Level 1  
  135  9:47  Assimilator  
  135  9:56  Void Ray x2 (Chrono Boost)  
  135  9:57  Zealot  
  135  9:58  Void Ray (Chrono Boost)  
  149  10:05  Probe x2  
  149  10:06  Probe  
  156  10:21  Nexus  
  156  10:23  Void Ray (Chrono Boost)  
  156  10:26  Void Ray (Chrono Boost)  
  149  10:32  Probe, Pylon  
  149  10:33  Probe x3  
  153  10:38  Void Ray (Chrono Boost)  
  157  10:49  Void Ray (Chrono Boost)  
  165  10:55  Void Ray (Chrono Boost)  
  165  11:01  Void Ray (Chrono Boost)  
  170  11:04  Void Ray (Chrono Boost)  
  164  11:16  Phoenix (Chrono Boost)  
  163  11:23  Probe  
  163  11:24  Photon Cannon, Fleet Beacon  
  162  11:26  Photon Cannon  
  162  11:30  Phoenix (Chrono Boost)  
  164  11:35  Phoenix (Chrono Boost)  
  164  11:37  Phoenix (Chrono Boost)  
  164  11:38  Phoenix (Chrono Boost)  
  168  11:41  Phoenix (Chrono Boost)  
  168  11:48  Protoss Air Armor Level 1  
  168  11:52  Cybernetics Core, Probe  
  168  11:53  Probe x3  
  176  11:54  Void Ray (Chrono Boost)  
  176  11:59  Phoenix x2 (Chrono Boost)  
  176  12:00  Phoenix (Chrono Boost)  
  182  12:08  Photon Cannon  
  182  12:10  Sentry  
  182  12:14  Photon Cannon  
  185  12:16  Phoenix (Chrono Boost)  
  185  12:19  Phoenix (Chrono Boost)  
  188  12:23  Phoenix (Chrono Boost)  
  188  12:26  Phoenix (Chrono Boost)  
  187  12:30  Anion Pulse-Crystals (Chrono Boost)  
  187  12:31  Phoenix (Chrono Boost)  
  187  12:36  Protoss Air Weapons Level 2 (Chrono Boost)  
  186  12:39  Assimilator  
  186  12:42  Phoenix, Pylon  
  186  12:43  Assimilator  
  183  12:44  Photon Cannon  
  183  12:47  Photon Cannon  
  191  13:01  Pylon  
  185  13:07  Phoenix (Chrono Boost)  
  185  13:09  Phoenix (Chrono Boost)  
  185  13:10  Phoenix (Chrono Boost)  
  191  13:13  Probe x2  
  191  13:14  Probe  
  191  13:16  Probe  
  191  13:18  Probe  
  191  13:19  Photon Cannon  
  196  13:23  Phoenix x2 (Chrono Boost)  
  200  13:45  Phoenix (Chrono Boost)  
  200  13:49  Graviton Catapult  
  200  13:54  Protoss Air Armor Level 2 (Chrono Boost)  
  200  13:59  Nexus, Gateway  
  200  14:00  Pylon  
  200  14:02  Gateway  
  200  14:06  Phoenix x2  
  199  14:15  Photon Cannon  
  199  14:16  Photon Cannon  
  199  14:17  Photon Cannon  
  199  14:37  Protoss Ground Weapons Level 1  
  199  14:43  Oracle  
  197  14:49  Nexus, Void Ray  
  192  14:55  Void Ray  
  192  14:56  Pylon  
  192  14:57  Pylon  
  190  15:14  Void Ray  
  178  15:15  Void Ray  
  178  15:19  Twilight Council  
  178  15:21  Gateway  
  190  15:23  Zealot  
  190  15:26  Zealot x2, Gateway x2  
  190  15:27  Void Ray (Chrono Boost)  
  190  15:28  Gateway  
  194  15:29  Gateway  
  194  15:35  Pylon  
  194  15:37  Pylon  
  194  15:38  Void Ray (Chrono Boost)  
  194  15:39  Phoenix  
  194  15:40  Pylon  
  194  15:42  Photon Cannon  
  191  15:53  Protoss Air Armor Level 3 (Chrono Boost)  
  191  15:55  Phoenix (Chrono Boost)  
  191  15:56  Charge (Chrono Boost)  
  191  15:58  Phoenix (Chrono Boost)  
  191  15:59  Dark Shrine, Protoss Air Weapons Level 3 (Chrono Boost)  
  197  16:04  Phoenix (Chrono Boost)  
  197  16:10  Phoenix (Chrono Boost)  
  199  16:22  Photon Cannon  
  199  16:25  Photon Cannon x2  
  199  16:26  Photon Cannon  
  199  16:31  Photon Cannon  
  199  16:35  Photon Cannon  
  199  16:36  Photon Cannon  
  199  16:37  Photon Cannon  
  199  16:38  Photon Cannon  
  199  16:39  Photon Cannon  
  199  16:41  Photon Cannon  
  199  16:42  Photon Cannon  
  199  16:44  Photon Cannon  
  199  16:46  Assimilator  
  199  16:48  Assimilator  
  199  16:51  Gateway  
  199  16:53  Gateway x2  
  199  16:54  Gateway x2  
  199  16:55  Templar Archives  
  199  17:01  Zealot  
  198  17:15  Carrier  
  198  17:16  Carrier (Chrono Boost)  
  188  17:39  Zealot x8  
  116  18:01  Zealot x3  
  116  18:02  Zealot x10  
  142  18:07  Probe x3  
  142  18:10  Photon Cannon  
  145  18:13  Photon Cannon  
  145  18:14  Photon Cannon  
  135  18:29  High Templar x4  
  135  18:30  High Templar x2  
  135  18:31  Zealot x6  
  135  18:32  High Templar  
  135  18:34  Archon x2  
  135  18:35  Archon  
Show
View Real Time Build Order
Export as new Build Order

Jig Zerg - Winner!

Build Orders: Pool First 

Get SALT Encoding   

  12  0:05  Drone  
  13  0:13  Overlord  
  13  0:22  Drone  
  14  0:33  Drone x2  
  16  0:38  Drone  
  17  0:44  Extractor  
  17  0:48  Spawning Pool  
  15  0:51  Drone  
  16  0:59  Drone  
  17  1:17  Hatchery  
  16  1:20  Drone  
  16  1:25  Drone  
  18  1:36  Queen  
  20  1:44  Metabolic Boost  
  20  1:50  Overlord  
  20  1:56  Zergling x2  
  21  2:15  Hatchery  
  20  2:16  Drone  
  20  2:21  Drone  
  22  2:25  Drone  
  22  2:27  Drone  
  24  2:31  Drone  
  25  2:41  Zergling x4  
  27  2:44  Zergling x2  
  27  2:45  Zergling x2  
  29  2:51  Overlord  
  29  2:52  Drone  
  29  2:53  Drone  
  31  2:59  Evolution Chamber  
  31  3:04  Drone x2  
  32  3:09  Queen  
  32  3:11  Drone  
  35  3:14  Drone  
  36  3:22  Drone  
  36  3:26  Queen  
  39  3:27  Drone x2  
  39  3:29  Drone  
  42  3:34  Drone x2  
  42  3:38  Overlord  
  42  3:40  Drone  
  44  3:49  Overlord  
  44  3:53  Drone  
  44  3:54  Drone  
  46  3:59  Drone x4  
  46  4:00  Drone  
  47  4:05  Drone x2  
  47  4:09  Drone  
  50  4:11  Overlord  
  50  4:19  Spore Crawler x2  
  50  4:21  Drone x2  
  50  4:22  Spore Crawler, Drone x2  
  50  4:23  Queen  
  53  4:25  Drone x2  
  54  4:40  Zergling x2  
  54  4:41  Zergling x14  
  61  4:46  Overlord  
  61  4:48  Drone  
  62  4:53  Zergling x2  
  62  4:54  Zergling x4  
  62  4:55  Overlord  
  65  5:05  Overlord, Lair  
  65  5:10  Drone x6  
  65  5:13  Overlord  
  72  5:16  Drone x2  
  72  5:20  Overlord  
  72  5:21  Extractor x2  
  72  5:25  Drone  
  72  5:26  Drone  
  74  5:31  Drone x4  
  74  5:32  Extractor, Overlord  
  76  5:37  Spore Crawler  
  76  5:40  Spore Crawler  
  76  5:41  Spore Crawler  
  73  5:46  Zergling x2  
  73  5:47  Zergling x12  
  78  5:56  Extractor x2, Drone x4, Evolution Chamber  
  76  5:58  Zerg Missile Weapons Level 1  
  76  5:59  Queen  
  79  6:04  Spire, Drone x3  
  79  6:09  Overlord  
  80  6:13  Drone x2  
  82  6:23  Overlord  
  77  6:37  Drone x3  
  63  6:51  Spore Crawler  
  63  6:53  Spore Crawler  
  57  7:00  Spore Crawler  
  56  7:04  Queen  
  56  7:05  Queen  
  60  7:13  Drone x6  
  66  7:16  Overlord  
  66  7:19  Hatchery  
  66  7:21  Drone x9  
  66  7:22  Overlord  
  74  7:23  Zerg Flyer Weapons Level 1  
  74  7:27  Mutalisk x2  
  77  7:35  Mutalisk x3  
  80  7:41  Mutalisk  
  82  7:45  Mutalisk  
  82  7:46  Mutalisk x3  
  82  7:48  Zerg Ground Armor Level 1  
  90  7:54  Mutalisk  
  90  7:57  Zergling x4  
  94  8:01  Overlord  
  94  8:06  Zergling x4  
  94  8:11  Hatchery  
  94  8:12  Zergling x4  
  97  8:18  Zergling x4  
  97  8:19  Zergling x2  
  100  8:23  Zergling x4  
  102  8:28  Infestation Pit  
  101  8:34  Overlord  
  99  8:41  Extractor, Corruptor  
  99  8:42  Corruptor x5  
  99  8:43  Extractor  
  93  8:49  Corruptor x2  
  93  8:54  Drone  
  93  8:55  Drone x5  
  93  9:01  Overlord  
  93  9:02  Corruptor x2  
  95  9:04  Spore Crawler  
  95  9:09  Overlord  
  94  9:18  Corruptor x2  
  97  9:31  Hatchery  
  94  9:32  Corruptor x2  
  98  9:38  Corruptor x2  
  98  9:45  Corruptor  
  100  10:05  Drone x3  
  100  10:06  Drone x3  
  105  10:08  Overlord  
  105  10:16  Zerg Flyer Armor Level 1  
  105  10:28  Mutalisk x5  
  115  10:37  Hive  
  115  10:38  Zergling x14  
  122  10:47  Hatchery  
  121  10:52  Mutalisk x3  
  121  10:55  Overlord x2  
  127  10:59  Overlord  
  127  11:08  Mutalisk x4  
  138  11:11  Drone x3  
  138  11:15  Overlord  
  138  11:21  Overlord  
  138  11:22  Mutalisk x2  
  142  11:25  Overlord  
  142  11:28  Mutalisk  
  144  11:35  Drone x5  
  148  11:52  Mutalisk  
  148  11:53  Mutalisk x5  
  160  11:56  Drone x4  
  160  11:59  Extractor  
  160  12:00  Extractor  
  162  12:03  Overlord  
  162  12:11  Mutalisk x4  
  169  12:18  Overlord  
  169  12:22  Spore Crawler x2  
  166  12:27  Corruptor x2, Greater Spire  
  170  12:36  Drone x2  
  170  12:37  Drone x4  
  173  12:38  Overlord  
  171  12:44  Overlord  
  171  12:48  Infestor x3  
  171  12:51  Burrow  
  177  13:06  Corruptor x2  
  177  13:07  Corruptor x2  
  177  13:09  Zergling x16  
  193  13:29  Drone x7  
  200  13:40  Hatchery  
  199  13:44  Spore Crawler x3  
  199  13:45  Spore Crawler  
  191  13:52  Spore Crawler  
  191  13:53  Spore Crawler x2  
  188  13:59  Zerg Melee Weapons Level 1  
  188  14:09  Corruptor x6  
  188  14:17  Overlord  
  188  14:19  Corruptor x2  
  192  14:26  Overseer  
  192  14:27  Overseer x3  
  192  14:28  Pneumatized Carapace  
  184  14:51  Mutalisk  
  184  14:52  Mutalisk x8  
  188  14:58  Infestor x3  
  166  15:14  Corruptor  
  166  15:15  Corruptor x2  
  172  15:28  Zerg Ground Armor Level 2  
  172  15:35  Infestor x3  
  167  15:36  Infestor x2  
  172  15:47  Zerg Flyer Weapons Level 2  
  172  15:58  Extractor  
  172  15:59  Neural Parasite  
  172  16:02  Mutalisk x4, Extractor  
  172  16:03  Mutalisk  
  172  16:04  Spore Crawler x3  
  179  16:05  Spore Crawler  
  176  16:20  Zergling x24  
  176  16:21  Zergling x12  
  194  16:29  Drone x3  
  194  16:30  Drone x2  
  193  17:05  Corruptor x2  
  193  17:06  Corruptor x4  
  164  17:50  Mutalisk x6  
  164  17:51  Mutalisk x8  
  156  17:56  Zergling x14  
  156  17:57  Zergling x12  
  185  18:04  Brood Lord x5  
  195  18:06  Brood Lord  
  193  18:14  Brood Lord  
  193  18:16  Brood Lord  
Tags
 
Add a new tag
Caveats
  • Supply blocks, unpowered buildings, or Contaminate may cause inaccurate times.
  • Supply counts are checked every 10 seconds.